 Dungeon Crawl Stone Soup version 0.24-a0-291-g79c1ce7 (webtiles) character file.

Game seed: 2953809688266123222

83 galech the Skirmisher (level 4, 33/35 HPs)
             Began as a Demonspawn Fighter on May 9, 2019.
             Quit the game on level 3 of the Dungeon.
             The game lasted 00:01:37 (1575 turns).

galech the Skirmisher (Demonspawn Fighter)          Turns: 1575, Time: 00:01:38

Health: 33/35      AC:  8    Str: 17    XL:     4   Next: 22%
Magic:  4/4        EV:  7    Int:  9    God:
Gold:   122        SH:  9    Dex: 13    Spells: 3/3 levels left

rFire    . . .     SeeInvis .   a - +0 war axe
rCold    . . .     Gourm    .   c - +0 shield
rNeg     . . .     Faith    .   b - +0 scale mail
rPois    .         Spirit   .   (no helmet)
rElec    .         Reflect  .   (no cloak)
rCorr    .         Harm     .   (no gloves)
MR       .....                  t - +0 pair of boots
Stlth    ..........             (no amulet)
HPRegen  0.11/turn              (no ring)
MPRegen  0.09/turn              (no ring)

@: no status effects
A: claws 1, hooves 1
a: no special abilities


You were on level 3 of the Dungeon.
You were hungry.

You visited 1 branch of the dungeon, and saw 3 of its levels.

You collected 122 gold pieces.

Inventory:

Hand Weapons
 a - a +0 war axe (weapon)
Armour
 b - a +0 scale mail (worn)
 c - a +0 shield (worn)
 t - a +0 pair of boots (worn)
Wands
 s - a wand of acid (9)
Scrolls
 e - a scroll of enchant weapon {unknown}
 g - a scroll of noise {unknown}
 h - 2 scrolls of identify {unknown}
 i - a scroll of magic mapping {unknown}
 j - a scroll of blinking {unknown}
 k - 2 scrolls of teleportation {unknown}
 l - a scroll of amnesia {unknown}
 p - a scroll of remove curse {unknown}
 q - a scroll of fear {unknown}
Potions
 d - a potion of might
 m - a potion of haste {unknown}
 n - 2 potions of curing {unknown}
 o - a potion of flight {unknown}
Comestibles
 f - 4 rations
 r - 4 chunks of flesh


   Skills:
 + Level 3.4 Fighting
 + Level 2.7 Axes
 + Level 3.3 Armour
 + Level 0.2 Dodging
 + Level 3.1 Shields


You had 3 spell levels left.
You didn't know any spells.
Your spell library was empty.

Dungeon Overview and Level Annotations

Branches:
Dungeon (3/15)

Altars:
Fedhas
Kikubaaqudgha
Makhleb


Innate Abilities, Weirdness & Mutations

You have sharp fingernails.
You have large cloven feet.


Message History

You hit the worker ant.
The worker ant is moderately wounded.
The worker ant bites you but does no damage. x2
You hit the worker ant.
The worker ant is heavily wounded.
The worker ant bites you.
The worker ant bites you but does no damage.
You hit the worker ant.
The worker ant is severely wounded.
You block the worker ant's attack.
The worker ant bites you but does no damage.
You hit the worker ant but do no damage.
The worker ant is severely wounded.
The worker ant bites you but does no damage.
You slash the worker ant!
You kill the worker ant!
You have reached level 4!
You feel stronger.
Your demonic ancestry asserts itself...
Your feet thicken and deform.
Are you sure you want to abandon this character and quit the game? (Confirm with "yes".)

.. .# . ##.## #.# .#
#..^# #.##.## #...#
###.#...# ## #...#
###....._.#...
###...#####?....#.......
....................#...
..............%.........
........<.......@..##.
###...#####...##........
#...# ##..##...##.%.
###...# ##♣.≈≈...≈# #
......# #≈.#.♣.#.≈.#
###..## #≈≈#.≈.#≈≈≈#
###..# #≈≈≈...≈≈.≈##
.....# ##≈≈≈.#..≈≈≈.##
....### #.≈..≈♣≈≈≈≈....


There were no monsters in sight!

Vanquished Creatures
  A worker ant (D:3)
  2 adders (D:2)
  A worm (D:2)
  A dart slug (D:2)
  A leopard gecko (D:2)
  2 giant cockroaches
  5 goblins
  5 hobgoblins
  2 jackals (D:1)
  7 kobolds
  A ball python (D:1)
  5 bats
  2 rats (D:3)
  A bush (D:1)
36 creatures vanquished.

Notes
Turn   | Place    | Note
-------+----------+-------------------------------------------
     0 | D:1      | galech the Demonspawn Fighter began the quest for the Orb.
     0 | D:1      | Reached XP level 1. HP: 18/18 MP: 1/1
   212 | D:1      | Gained mutation: You have sharp fingernails. [demonic
                  | ancestry]
   212 | D:1      | Reached XP level 2. HP: 24/24 MP: 2/2
   498 | D:2      | Reached XP level 3. HP: 21/29 MP: 3/3
   953 | D:2      | HP: 1/29 [worm (5)]
  1311 | D:2      | Found an ancient bone altar of Kikubaaqudgha.
  1313 | D:2      | Found a blossoming altar of Fedhas.
  1562 | D:3      | Found a burning altar of Makhleb.
  1574 | D:3      | Gained mutation: You have large cloven feet. [demonic
                  | ancestry]
  1574 | D:3      | Reached XP level 4. HP: 33/35 MP: 4/4
  1575 | D:3      | Quit the game

Levels and vault maps discovered:
D:1:      dpeg_arrival_refuge, layout_rooms, serial_forest,
          infiniplex_forest_clump_small, infiniplex_forest_diagonal,
          infiniplex_forest_straight_1, infiniplex_forest_clump_curved,
          infiniplex_forest_diagonal, infiniplex_forest_end_3,
          infiniplex_forest_straight_5
D:2:      layout_basic, grunt_temple_overflow_growth_and_decay
D:3:      layout_loops_cross, overflow_temple_1_default, serial_rivers,
          chequers_serial_rivers_micro_a, chequers_serial_rivers_micro_d,
          chequers_serial_rivers_small_a, chequers_serial_rivers_marsh,
          chequers_serial_rivers_micro_c, chequers_serial_rivers_room_a,
          bloody_makhleb

Skill      XL: |  1  2 |
---------------+-------+-----
Axes           | 2 |  2.7
Armour         | 3 |  3.3
Shields        | 3 |  3.1
Fighting       | |  3.4
Dodging        | |  0.2

Action                   |  1- 3 |  4- 6 || total
-------------------------+-------+-------++-------
Melee: War axe           |   168 |       ||   168
  Eat: Chunk             |     2 |       ||     2
Armor: Scale mail        |    74 |       ||    74
Dodge: Dodged            |    35 |       ||    35
Block: Shield            |    58 |       ||    58

Table legend:
 A = Non-vault XP
 B = Vault XP
 C = Vault XP percentage of total XP
 D = Non-vault monster count
 E = Vault monster count
 F = Vault count percentage of total count
                 A         B        C        D         E       F
            +---------+---------+-------+---------+---------+-------
      Total |     119 |       0 |   0.0 |      35 |       0 |   0.0
            +---------+---------+-------+---------+---------+-------
        D:1 |      17 |       0 |   0.0 |      10 |       0 |   0.0
        D:2 |      62 |       0 |   0.0 |      19 |       0 |   0.0
        D:3 |      40 |       0 |   0.0 |       6 |       0 |   0.0
            +---------+---------+-------+---------+---------+-------
